 Dungeon Crawl Stone Soup version 0.27-a0-1245-g940ed4fa31 (webtiles) character file.

Game seed: 15227486600094983865

330 robertstho the Shooter (level 6, -3/52 HPs)
             Began as a Hill Orc Hunter on June 9, 2021.
             Slain by a gnoll
             ... wielding a +0 spear of distortion
              (15 damage)
             ... on level 4 of the Dungeon.
             The game lasted 00:05:36 (4011 turns).

robertstho the Shooter (Hill Orc Hunter)            Turns: 4011, Time: 00:05:39

Health: -3/52      AC:  6    Str: 16    XL:     6   Next: 51%
Magic:  6/6        EV:  9    Int: 11    God:
Gold:   52         SH:  0    Dex: 12    Spells: 5/5 levels left

rFire    . . .     SeeInvis +   j - +0 broad axe
rCold    . . .     Faith    .   (no shield)
rNeg     . . .     Spirit   .   m - +0 scale mail
rPois    .         Reflect  .   (no helmet)
rElec    .         Harm     .   (no cloak)
rCorr    .         Rampage  .   (no gloves)
Will     .....                  (no boots)
Stlth    ..........             (no amulet)
HPRegen  0.17/turn              h - ring of see invisible
MPRegen  0.10/turn              (no ring)

@: hasted, very quick
A: no striking features
a: no special abilities


You were on level 4 of the Dungeon.
You visited 1 branch of the dungeon, and saw 4 of its levels.

You collected 145 gold pieces.
You spent 93 gold pieces at shops.

Inventory:

Hand Weapons
 a - a +1 shortbow
 j - a +0 broad axe (weapon)
Missiles
 e - 4 arrows
Armour
 m - a +0 scale mail (worn)
Jewellery
 h - a ring of see invisible (left hand)
 n - a +4 ring of protection
Scrolls
 b - 2 scrolls of noise {unknown}
 d - a scroll of silence {unknown}
 f - 2 scrolls of fear
 l - a scroll of fog
 r - a scroll of immolation
 s - a scroll of teleportation
Potions
 c - a potion of resistance
 i - 3 potions of curing
 k - a potion of lignification {unknown}
 o - a potion of brilliance {unknown}
 p - a potion of cancellation {unknown}
 q - 2 potions of flight {unknown}


   Skills:
 * Level 4.1 Fighting
 + Level 2.2 Axes
 * Level 5.6 Bows
 * Level 2.3 Armour
 + Level 1.8 Dodging
 - Level 0.7 Stealth


You had 5 spell levels left.
You didn't know any spells.
Your spell library contained the following spells:

 Spells                   Type           Power      Damage    Failure   Level
 Magic Dart               Conj           0%         1d3       77%         1
 Searing Ray              Conj           0%         3d3       88%         2
 Dazzling Flash           Conj/Hex       0%         N/A       98%         3
 Fulminant Prism          Conj/Hex       0%         3d6       100%        4
 Iskenderun's Mystic Bla  Conj/Tloc      0%         2d3       100%        4


Dungeon Overview and Level Annotations

Branches:
Dungeon (4/15)
 Temple: D:4-7

Altars:

Shops:
D:3 ?


Message History

The centaur skeleton kicks you but does no damage.
You slash the centaur skeleton!
You destroy the centaur skeleton!
No target in view!
e - 2 arrows
e - 3 arrows (gained 1)
e - 4 arrows (gained 1)
You see here a +0 giant club.
You now have 52 gold pieces (gained 14).
You see here a +0 giant club.
Found a mace.
i - 4 emerald potions (gained 1)
Found a stone staircase leading down.
o - a grey potion
There is a stone staircase leading down here.
The gnoll shouts!
A gnoll is nearby!
A gnoll is nearby!
A gnoll is nearby!
A gnoll is nearby!
A gnoll is nearby!
You aren't carrying any items that you can evoke.
It was a potion of curing.
You feel better. The gnoll hits you but does no damage.
Space warps horribly around you!!
The gnoll hits you with a +0 spear of distortion.
Space bends around you.
You barely miss the gnoll.
The gnoll hits you with a +0 spear of distortion.
Space bends around you. The gnoll barely misses you.
It was a potion of haste.
You feel yourself speed up. The gnoll barely misses you.
You hit the gnoll.
The gnoll is lightly wounded.
You hit the gnoll but do no damage.
The gnoll is lightly wounded.
The gnoll hits you but does no damage. Space bends around you.
The gnoll hits you with a +0 spear of distortion.
* * * LOW HITPOINT WARNING * * *
Space warps horribly around you!
You die...

##############..####.#
####.#
#(.....<#######....#
#.####....))..).# # #.#
#.###)####....# ### #.#
#.# #.# ####.# #.## #####
#.# #.# #.# #
.#.#####.[.# #.# #.# #.#
###........###.####.###.#
.#.#####........@g......#
#.## #######.#####.....
#.# ###.# ..# #.# #...# #
#.# #.### #.# #.# #.# ###
#.# #.######.###.#
........#.##.#


You could see a gnoll.

Vanquished Creatures
  An ogre (D:4)
  A howler monkey (D:4)
  A hound (D:4)
  A centaur skeleton (D:4)
  An orc wizard (D:3)
  2 adders (D:2)
  3 gnolls
  2 worms
  2 dart slugs
  7 orcs
  6 ball pythons
  5 endoplasms
  4 giant cockroaches (D:2)
  3 goblins
  3 hobgoblins
  10 jackals
  2 quokkas (D:2)
  3 bats
  2 frilled lizards (D:2)
  4 kobolds
  4 rats
67 creatures vanquished.

Notes
Turn   | Place    | Note
-------+----------+-------------------------------------------
     0 | D:1      | robertstho the Hill Orc Hunter began the quest for the Orb.
     0 | D:1      | Reached XP level 1. HP: 18/18 MP: 1/1
    81 | D:1      | Reached skill level 4 in Bows
    81 | D:1      | Reached XP level 2. HP: 16/25 MP: 2/2
   494 | D:1      | Reached XP level 3. HP: 30/30 MP: 3/3
   718 | D:1      | Found a faded altar of an unknown god.
  1251 | D:2      | Reached XP level 4. HP: 38/38 MP: 4/4
  1950 | D:3      | Reached skill level 5 in Bows
  1952 | D:3      | Reached XP level 5. HP: 45/45 MP: 5/5
  2175 | D:3      | Found Neschudd's Magic Scroll Shoppe.
  2183 | D:3      | Bought a scroll of identify for 22 gold pieces
  2183 | D:3      | Bought a scroll of immolation for 38 gold pieces
  2183 | D:3      | Bought a scroll of teleportation for 33 gold pieces
  2861 | D:4      | Reached skill level 1 in Armour
  2927 | D:4      | Reached skill level 1 in Axes
  3163 | D:4      | Noticed an ogre
  3167 | D:4      | HP: 1/46 [ogre/+0 giant club (16)]
  3172 | D:4      | Killed an ogre
  3173 | D:4      | Reached XP level 6. HP: 14/52 MP: 6/6
  4011 | D:4      | Slain by a gnoll

Illustrated notes

Levels and vault maps discovered:
D:1:      dpeg_arrival_simpleton_b, layout_basic,
          shapermc_ecumenical_altar_mp_ritualfount, serial_corexii_hall,
          corexii_hall_statues_l, chequers_hall_statues_wall_a, minivault_4,
          feat_on_display
D:2:      layout_rooms
D:3:      layout_basic, serial_shops, shop
D:4:      layout_loops_ring

Skill      XL: |  1  2  3  4  5  6 |
---------------+-------------------+-----
Bows           | 4 5 |  5.6
Fighting       | 3 4 |  4.1
Armour         | 2 |  2.3
Axes           | 1 2 |  2.2
Dodging        | |  1.8
Stealth        | |  0.7

Action                   |  1- 3 |  4- 6 || total
-------------------------+-------+-------++-------
Melee: Broad axe         |       |    92 ||    92
 Fire: Shortbow          |    77 |    57 ||   134
  Use: Scroll            |     1 |     3 ||     4
       Potion            |       |     4 ||     4
Armor: Ring mail         |    15 |    14 ||    29
       Scale mail        |       |    54 ||    54
Dodge: Dodged            |    19 |    73 ||    92

Table legend: (Time is in decaauts)
 A = Elapsed time spent in this place.
 B = Non-inter-level travel time spent in this place.
 C = Inter-level travel time spent in this place.
 D = Time resting spent in this place.
 E = Time spent auto-exploring this place.
 F = Levels seen in this place.
 G = Mean time per level.
                   A        B        C        D        E       F      G
               +--------+--------+--------+--------+--------+-----+--------+
         Total |   4065 |   3871 |    194 |    383 |   2931 |   4 | 1016.2 |
       Dungeon |   4065 |   3871 |    194 |    383 |   2931 |   4 | 1016.2 |
               +--------+--------+--------+--------+--------+-----+--------+

Top non-repeatable levels by time:
     D:3: 1540 daAuts
     D:4: 956 daAuts
     D:1: 946 daAuts
     D:2: 622 daAuts
